 Dungeon Crawl Stone Soup version 0.31-a0-532-g28f74ba3e5 (webtiles) character file.

Game seed: 17154594517989104458

3360 Angani the Grappler (level 9, 0/81 HPs)
             Began as a White Draconian Shapeshifter on Aug 12, 2023.
             Was a Believer of Ashenzari.
             Slain by Jeremiah
             ... wielding a +2 glaive of draining
              (14 damage)
             ... on level 8 of the Dungeon.
             The game lasted 00:13:41 (7222 turns).

Angani the Grappler (White Draconian Shapeshifter)  Turns: 7222, Time: 00:13:41

Health: 0/81       AC: 10    Str: 22    XL:     9   Next: 73%
Magic:  9/9        EV: 13    Int: 15    God:    Ashenzari [**....]
Gold:   284        SH:  0    Dex: 11    Spells: 8/8 levels left

rFire   + .          .
                       - Unarmed
rCold   . . .        r - melded +0 buckler "Lethargy of Ashenzari" {Dev, Cun} (curse)
rNeg    + + .        (body armour unavailable)
rPois   .            (helmet restricted)
rElec   .            D - +2 cloak
rCorr   .            (no gloves)
SInv    +            (no boots)
Will    .....        (no amulet)
Stlth   +            x - ring "Shackled Gnosis" {Int+6, Melee, Range} (curse)
HPRegen 0.33/turn    A - ring "Gaze Upon Infinity" {Fire rN++, Self, Elem} (curse)
MPRegen 0.11/turn

%: no passive effects
@: short of breath, flux-form, glowing
A: glow, contaminating, breathe frost, AC +7, unfitting armour, cold resistance
1, cold-blooded
a: Breathe Frost, Begin Untransformation, Renounce Religion, Curse Item, Shatter
the Chains


You were on level 8 of the Dungeon.
You worshipped Ashenzari.
Ashenzari was pleased with you.
You were something dangerously unstable.
You visited 1 branch of the dungeon, and saw 8 of its levels.

You collected 284 gold pieces.

Inventory:

Missiles
 j - 4 curare-tipped darts
 k - 7 atropa-tipped darts (quivered)
 C - 6 poisoned darts
Armour
 r - the cursed +0 buckler "Lethargy of Ashenzari" (melded) {Dev, Cun}
   (You found it on level 3 of the Dungeon)

   It has a curse which improves the following skills: Devices: Evocations and
   Shapeshifting.
   Cunning:   Dodging and Stealth.
 y - the orb of the Unseen Realm {guile, rPois rCorr}
   (You found it on level 6 of the Dungeon)

   rPois:     It protects you from poison rCorr: It protects you from acid and
   corrosion.
 D - a +2 cloak (worn)
Jewellery
 x - the cursed ring "Shackled Gnosis" (left hand) {Int+6, Melee, Range}
   (You found it on level 5 of the Dungeon)

   [ring of intelligence]

   Int+6:     It affects your intelligence (+6).
   It has a curse which improves the following skills: Melee Combat: Short
   Blades, Long Blades, Axes, Maces & Flails, Polearms, Staves and Unarmed
   Combat.
   Ranged Combat: Ranged Weapons and Throwing.
 A - the cursed ring "Gaze Upon Infinity" (right hand) {Fire rN++, Self, Elem}
   (You found it on level 7 of the Dungeon)

   [ring of fire]

   Fire:      It enhances your fire magic.
   rF+:       It protects you from fire.
   rC-:       It makes you vulnerable to cold.
   rN++:      It greatly protects you from negative energy.
   It has a curse which improves the following skills: Introspection: Fighting
   and Spellcasting.
   Elements:  Fire Magic, Ice Magic, Air Magic and Earth Magic.
Talismans
 b - a beast talisman
 c - a flux talisman (active)
Wands
 q - a wand of charming (2)
Scrolls
 d - a scroll of butterflies
 e - a scroll of poison
 l - 4 scrolls of fear
 n - a scroll of blinking
 s - a scroll of fog
 u - 2 scrolls of teleportation
 w - a scroll of immolation
Potions
 a - a potion of lignification
 f - a potion of mutation
 g - a potion of brilliance
 i - a potion of curing
 m - a potion of enlightenment
 o - 3 potions of might
 t - 4 potions of haste
 v - a potion of resistance
 z - a potion of attraction
 B - a potion of heal wounds


   Skills:
 + Level 6.6(7.8) Fighting
 + Level 5.7 Dodging
 - Level 9.3(10.4) Unarmed Combat
 + Level 0.8 Evocations
 - Level 6.2 Shapeshifting


You had 8 spell levels left.
You didn't know any spells.
Your spell library contained the following spells:

 Spells                   Type           Power      Damage    Failure   Level
 Magic Dart               Conj           0%         1d3       26%         1
 Necrotise                Necr           0%         1d4       26%         1
 Call Imp                 Summ           0%         N/A       38%         2
 Inner Flame              Hex/Fire       0%         N/A       61%         3
 Call Canine Familiar     Summ           0%         N/A       63%         3
 Mephitic Cloud           Conj/Pois/Air  0%         N/A       63%         3
 Portal Projectile        Hex/Tloc       0%         N/A       63%         3
 Vampiric Draining        Necr           0%         2d6       63%         3
 Leda's Liquefaction      Hex/Erth       0%         N/A       95%         4
 Agony                    Necr           0%         N/A       100%        5
 Yara's Violent Unravell  Hex/Tmut       0%         3d3       100%        5
 Enfeeble                 Hex            0%         N/A       100%        7


Dungeon Overview and Level Annotations

Branches:
Dungeon (8/15)             Temple (0/1) D:4
   Lair: D:8-11

Altars:
Ashenzari
Gozag
Hepliaklqana
Makhleb
Qazlal
Sif Muna
Trog
Xom

Annotations:
D:8 Jeremiah


Innate Abilities, Weirdness & Mutations

You are something dangerously unstable.
You glow with magical radiation, making you easy to see and hit.
Foes you strike become dangerously contaminated with magical radiation.
You are incapable of wielding weapons or throwing items.
You can breathe waves of freezing cold which knock back foes.
Your icy white scales are hard. (AC +7)
You cannot fit into any form of body armour.
Your flesh is cold resistant. (rC+)
You are cold-blooded and may be slowed by cold attacks.


Message History

Press: ? - help, Shift-Dir - straight line, f - Jeremiah
Aim: Jeremiah, wielding a +2 glaive of draining and wearing a +0 robe (heavily wounded, 60% to hit)
You exhale a wave of freezing cold.
The freezing breath misses the butterfly.
The freezing breath hits Jeremiah!
Jeremiah is severely wounded.
Jeremiah is knocked back by the freezing wind.
The butterfly disappears in a burst of colours!
Unknown command.
Aiming: Mindburst
Press: ? - help, Shift-Dir - straight line, f/p - Jeremiah
Aim: Jeremiah, wielding a +2 glaive of draining and wearing a +0 robe (severely wounded, chance to affect: 50%) Jeremiah's mind is blasted!!
The butterfly disappears in a burst of colours! x2
Unknown command.
Aiming: Mindburst
Press: ? - help, Shift-Dir - straight line, p - Jeremiah Jeremiah resists with some effort.
The now-empty wand crumbles to dust.
The butterfly disappears in a burst of colours! x2
Unknown command.
The butterfly disappears in a burst of colours! x2
The butterfly disappears in a burst of colours!
Jeremiah closely misses you.
You miss the butterfly.
The butterfly disappears in a burst of colours!
Jeremiah hops!
The butterfly disappears in a burst of colours! x3
The butterfly disappears in a burst of colours!
Jeremiah mumbles a slurred invocation.
Something smites you!
The butterfly disappears in a burst of colours! x4
Jeremiah mumbles a slurred invocation.
Something smites you!
* * * LOW HITPOINT WARNING * * *
The butterfly disappears in a burst of colours! x2
Jeremiah mumbles a slurred invocation.
Something smites you!
* * * LOW HITPOINT WARNING * * *
Jeremiah hits you with a +2 glaive of draining!
You die...

########### #....b....#
#.....Fbb.# #####
#.....bB..# #....
#...b.bb..# #....
#...b..b..# #....
#..bbbbb..# #..$.
...b.b....# #....
#........b##########....
...................Fb>..
#........)##########b...
.########<# ###....


You could see Jeremiah.

Vanquished Creatures
  Maurice (D:8)
  A hornet (D:7)
  Eustachio (D:3)
  A yak (D:8)
  An orc warrior (D:8)
  3 ice beasts
  3 black bears
  2 centaurs
  A phantom (D:5)
  A kobold brigand (D:8)
  2 bullfrogs
  A scorpion (D:5)
  A gnoll sergeant (D:7)
  10 wights
  2 howler monkeys
  2 jellies
  An orc priest (D:4)
  3 hounds
  A sleepcap (D:7)
  Ijyb (D:3)
  5 orc wizards
  7 gnolls
  5 adders
  2 white imps
  5 worms
  4 dart slugs
  19 orcs
  9 ball pythons
  10 endoplasms
  3 giant cockroaches
  4 goblins
  4 hobgoblins
  4 jackals (D:2)
  18 kobolds
  3 quokkas
  7 bats
  2 frilled lizards
  8 rats
158 creatures vanquished.

Vanquished Creatures (collateral kills)
  A yak (D:8)
1 creature vanquished.

Vanquished Creatures (others)
  4 yaks (D:8)
  An acid dragon (D:8)
  A kobold brigand (D:8)
6 creatures vanquished.

Grand Total: 165 creatures vanquished

Notes
Turn   | Place    | Note
-------+----------+-------------------------------------------
     0 | D:1      | Angani the Draconian Shapeshifter began the quest for the
                  | Orb.
     0 | D:1      | Reached XP level 1. HP: 16/16 MP: 1/1
   192 | D:1      | Reached XP level 2. HP: 17/23 MP: 2/2
   877 | D:2      | Reached XP level 3. HP: 19/28 MP: 3/3
  1275 | D:2      | Reached skill level 4 in Unarmed Combat
  1406 | D:2      | Reached XP level 4. HP: 35/35 MP: 4/4
  1617 | D:2      | Found a broken altar of Ashenzari.
  1730 | D:2      | Became a worshipper of Ashenzari the Shackled
  2231 | D:3      | Found a bloodstained altar of Trog.
  2579 | D:3      | Noticed Ijyb
  2592 | D:3      | Killed Ijyb
  2733 | D:3      | Found a shimmering blue altar of Sif Muna.
  2868 | D:4      | Noticed Eustachio
  2875 | D:3      | Killed Eustachio
  2876 | D:3      | Reached skill level 5 in Unarmed Combat
  2876 | D:3      | Reached XP level 5. HP: 35/40 MP: 5/5
  2876 | D:3      | Reached XP level 6. HP: 41/47 MP: 6/6
  2992 | D:4      | Found an opulent altar of Gozag.
  3427 | D:4      | Found a hazy altar of Hepliaklqana.
  3427 | D:4      | Found a stormy altar of Qazlal.
  3474 | D:4      | Found a staircase to the Ecumenical Temple.
  3762 | D:5      | Entered Level 5 of the Dungeon
  3828 | D:5      | Reached skill level 5 in Shapeshifting
  3872 | D:5      | Found a shimmering altar of Xom.
  3935 | D:5      | Reached skill level 6 in Unarmed Combat
  3935 | D:5      | Your scales start taking on an icy white colour.
  3935 | D:5      | Reached XP level 7. HP: 19/52 MP: 7/7
  3935 | D:5      | Gained mutation: Your flesh is cold resistant. (rC+) [White
                  | Draconian growth]
  4151 | D:5      | Reached * piety under Ashenzari
  4549 | D:5      | Found a burning altar of Makhleb.
  4645 | D:6      | Reached skill level 7 in Unarmed Combat
  4694 | D:6      | Reached XP level 8. HP: 8/59 MP: 8/8
  5310 | D:6      | Identified the orb of the Unseen Realm {guile, rPois rCorr}
  5833 | D:7      | Identified the ring of the Threshing Gods {Fire rN++}
  5865 | D:7      | Reached skill level 8 in Unarmed Combat
  6223 | D:7      | Noticed a hornet
  6226 | D:7      | Killed a hornet
  6227 | D:7      | Reached XP level 9. HP: 73/73 MP: 9/9
  6306 | D:7      | Reached ** piety under Ashenzari
  6344 | D:7      | Reached skill level 5 in Fighting
  6931 | D:8      | Reached skill level 5 in Dodging
  6943 | D:8      | Noticed Maurice
  6954 | D:8      | Reached skill level 9 in Unarmed Combat
  6978 | D:8      | Killed Maurice
  7152 | D:8      | Noticed Jeremiah
  7222 | D:8      | Slain by Jeremiah

Illustrated notes

Levels and vault maps discovered:
D:1:      tarquinn_simple_flora_water_c, layout_basic
D:2:      layout_basic, basic_altar, lexackson_kobold_supper
D:3:      layout_basic, lemuel_coloured_pillars_altar,
          trog_three_pillars_becter, uniq_ijyb
D:4:      layout_loops_cross, nicolae_gozag_seed_capital,
          nicolae_overflow_two_pavilions, temple_green, minmay_diced_spiral,
          uniq_eustachio
D:5:      layout_basic, makhleb_blood_cavern_becter, mainiacjoe_overflow_paths
D:6:      layout_loops_ring
D:7:      layout_gridville, chequers_serial_rivers_marsh,
          nicolae_underground_beach
D:8:      layout_basic, uniq_jeremiah, uniq_maurice

Skill      XL: |  1  2  3  4  5  6  7  8  9 |
---------------+----------------------------+-----
Unarmed Combat | 4 5 6 7 8 9 |  9.3
Shapeshifting  | 4 5 6 |  6.2
Dodging        | 2 4 5 |  5.7
Fighting       | 4 6 |  6.6
Evocations     | |  0.8

Action                     |  1- 3 |  4- 6 |  7- 9 || total
---------------------------+-------+-------+-------++-------
  Melee: Unarmed           |   121 |   101 |   218 ||   440
         Tailslap          |    10 |    14 |    25 ||    49
  Throw: Dart              |       |     4 |       ||     4
 Invoke: Curse Item        |       |     1 |     2 ||     3
Ability: Breathe Frost     |       |       |     7 ||     7
  Evoke: Wand              |       |     2 |    18 ||    20
    Use: Scroll            |       |     1 |     2 ||     3
         Potion            |       |       |     1 ||     1
   Stab: Sleeping          |     2 |     1 |       ||     3
 Armour: Skin              |    29 |    24 |    53 ||   106
  Dodge: Dodged            |    62 |    38 |   114 ||   214
  Block: Buckler           |       |    13 |     5 ||    18
   Form: Flux              |       |       |     1 ||     1

Table legend: (Time is in decaauts)
 A = Elapsed time spent in this place.
 B = Non-inter-level travel time spent in this place.
 C = Inter-level travel time spent in this place.
 D = Time resting spent in this place.
 E = Time spent auto-exploring this place.
 F = Levels seen in this place.
 G = Mean time per level.
                   A        B        C        D        E       F      G
               +--------+--------+--------+--------+--------+-----+--------+
         Total |   7197 |   6961 |    236 |    933 |   4777 |   8 |  899.6 |
       Dungeon |   7197 |   6961 |    236 |    933 |   4777 |   8 |  899.6 |
               +--------+--------+--------+--------+--------+-----+--------+

Top non-repeatable levels by time:
     D:2: 1296 daAuts
     D:5: 1026 daAuts
     D:7: 997 daAuts
     D:6: 977 daAuts
     D:4: 919 daAuts
     D:3: 890 daAuts
     D:1: 701 daAuts
     D:8: 386 daAuts
